PL
BUCKHEAD BOWTIES @ NORTHERN VIRGINIA RAINBOW MERMAIDS
09/06/2034
 
TOP OF THE 1ST
Buckhead Bowties batting - Pitching for Northern Virginia Rainbow Mermaids : RHP Guldemunde Geilinger
Pitching: RHP Guldemunde Geilinger
Batting: LHB José Valéncia 0-0: Ground out U3 (Groundball, 34S)
Batting: LHB Yu-zeng Si 0-0: Ball
1-0: Ball
2-0: Ground out 4-3 (Groundball, 4)
Batting: LHB Edwin Church 0-0: Called Strike
0-1: Ball
1-1: Ball
2-1: Fly out, F8 (Flyball, 8RD)
Top of the 1st over - 0 runs, 0 hits, 0 errors, 0 left on base; Buckhead 0 - Northern Virginia 0
BOTTOM OF THE 1ST
Northern Virginia Rainbow Mermaids batting - Pitching for Buckhead Bowties : LHP Dale Hamilton
Pitching: LHP Dale Hamilton
Batting: RHB Colt Cabana 0-0: Ball
1-0: Called Strike
1-1: SINGLE (Groundball, 56D)
Batting: RHB Carlos Rúbio 0-0: Foul Ball, location: 2F
0-1: Ball
1-1: Ball
2-1: Grounds into double play, 6-4-3 (Groundball, 6)
Batting: SHB Eustacio Tafalla 0-0: Ball
1-0: Swinging Strike
1-1: Foul Ball, location: 2F
1-2: Ball
2-2: Ground out 6-3 (Groundball, 6)
Bottom of the 1st over - 0 runs, 1 hit, 0 errors, 0 left on base; Buckhead 0 - Northern Virginia 0
TOP OF THE 2ND
Buckhead Bowties batting - Pitching for Northern Virginia Rainbow Mermaids : RHP Guldemunde Geilinger
Batting: RHB Derek Bangert 0-0: Ball
1-0: Called Strike
1-1: Ball
2-1: Foul Ball, location: 2F
2-2: Ball
3-2: Ground out 6-3 (Groundball, 6)
Batting: RHB David Edwards 0-0: Called Strike
0-1: Ball
1-1: Ball
2-1: Foul Ball, location: 2F
2-2: Strikes out swinging
Batting: RHB Richard Jost 0-0: Called Strike
0-1: Ball
1-1: Ball
2-1: Ball
3-1: Foul Ball, location: 2F
3-2: Ground out 5-3 (Groundball, 5)
Top of the 2nd over - 0 runs, 0 hits, 0 errors, 0 left on base; Buckhead 0 - Northern Virginia 0
BOTTOM OF THE 2ND
Northern Virginia Rainbow Mermaids batting - Pitching for Buckhead Bowties : LHP Dale Hamilton
Batting: RHB Zahid Kashani 0-0: Called Strike
0-1: Swinging Strike
0-2: Strikes out looking
Batting: RHB Rand McNally 0-0: Ball
1-0: SINGLE (Groundball, 6D)
Batting: RHB Brian Moring 0-0: Ball
1-0: Called Strike
1-1: Foul Ball, location: 2F
1-2: Foul Ball, location: 2F
1-2: Ball
2-2: Fly out, F9 (Flyball, 9D)
Batting: RHB Ray Walker 0-0: Called Strike
0-1: Fly out, F8 (Flyball, 8LM)
Bottom of the 2nd over - 0 runs, 1 hit, 0 errors, 1 left on base; Buckhead 0 - Northern Virginia 0
TOP OF THE 3RD
Buckhead Bowties batting - Pitching for Northern Virginia Rainbow Mermaids : RHP Guldemunde Geilinger
Batting: LHB Shunso Kiyomizu 0-0: Ball
1-0: Called Strike
1-1: Ball
2-1: Ball
3-1: Foul Ball, location: 2F
3-2: SINGLE (Groundball, 34D)
Batting: RHB Kevin Baxter 0-0: Ball
1-0: Called Strike
1-1: Ball
2-1: Called Strike
2-2: Ball
3-2: Base on Balls
Shunso Kiyomizu to second
Batting: RHB Raúl Ruíz 0-0: Called Strike
Shunso Kiyomizu steals 3rd base
0-1: Ball
1-1: Fly out, F9 (Flyball, 9LS)
Runner from 3rd tags up, SCORES, throw made
Batting: LHB José Valéncia 0-0: Ball
1-0: Foul Ball, location: 2F
1-1: Ball
2-1: Ball
3-1: Fly out, F8 (Flyball, 8RD)
Batting: LHB Yu-zeng Si 0-0: Ball
1-0: Fly out, F8 (Flyball, 89D)
Top of the 3rd over - 1 run, 1 hit, 0 errors, 1 left on base; Buckhead 1 - Northern Virginia 0
BOTTOM OF THE 3RD
Northern Virginia Rainbow Mermaids batting - Pitching for Buckhead Bowties : LHP Dale Hamilton
Batting: LHB Rio Mence 0-0: Called Strike
0-1: Ball
1-1: Ball
2-1: Fly out, F9 (Line Drive, 9)
Batting: LHB Gerald Kaufman 0-0: Ball
1-0: Called Strike
1-1: Ball
2-1: Foul Ball, location: 2F
2-2: Ball
3-2: Base on Balls
Batting: RHB Colt Cabana 0-0: Ball
1-0: Swinging Strike
1-1: Called Strike
1-2: Strikes out swinging
Batting: RHB Carlos Rúbio 0-0: Ball
1-0: Fly out, F9 (Flyball, 9S)
Bottom of the 3rd over - 0 runs, 0 hits, 0 errors, 1 left on base; Buckhead 1 - Northern Virginia 0
TOP OF THE 4TH
Buckhead Bowties batting - Pitching for Northern Virginia Rainbow Mermaids : RHP Guldemunde Geilinger
Batting: LHB Edwin Church 0-0: Ball
1-0: Ball
2-0: Called Strike
2-1: Ball
3-1: Ground out 3-1 (Groundball, 34S)
Batting: RHB Derek Bangert 0-0: Ball
1-0: Ball
2-0: DOUBLE (Line Drive, 3D)
Batting: RHB David Edwards 0-0: Fly out, F8 (Flyball, 8RM)
Batting: RHB Richard Jost 0-0: Ball
1-0: Ball
2-0: Called Strike
2-1: Ball
3-1: Base on Balls
Batting: LHB Shunso Kiyomizu 0-0: Ball
1-0: Called Strike
1-1: Called Strike
1-2: Strikes out swinging
Top of the 4th over - 0 runs, 1 hit, 0 errors, 2 left on base; Buckhead 1 - Northern Virginia 0
BOTTOM OF THE 4TH
Northern Virginia Rainbow Mermaids batting - Pitching for Buckhead Bowties : LHP Dale Hamilton
Batting: SHB Eustacio Tafalla 0-0: Swinging Strike
0-1: Called Strike
0-2: Ball
1-2: Ground out 6-3 (Groundball, 6)
Batting: RHB Zahid Kashani 0-0: Foul Ball, location: 2F
0-1: Called Strike
0-2: Strikes out swinging
Batting: RHB Rand McNally 0-0: Fly out, F8 (Flyball, 8LS)
Bottom of the 4th over - 0 runs, 0 hits, 0 errors, 0 left on base; Buckhead 1 - Northern Virginia 0
TOP OF THE 5TH
Buckhead Bowties batting - Pitching for Northern Virginia Rainbow Mermaids : RHP Guldemunde Geilinger
Batting: RHB Kevin Baxter 0-0: Foul Ball, location: 2F
0-1: Ball
1-1: Foul Ball, location: 2F
1-2: Foul Ball, location: 2F
1-2: Foul Ball, location: 2F
1-2: Fly out, F7 (Flyball, 7S)
Batting: RHB Raúl Ruíz 0-0: Ground out 5-3 (Groundball, 56S)
Batting: LHB José Valéncia 0-0: Ball
1-0: Foul Ball, location: 2F
1-1: Ball
2-1: Foul Ball, location: 2F
2-2: TRIPLE (Flyball, 8RXD)
Batting: LHB Yu-zeng Si 0-0: Ball
1-0: 2-RUN HOME RUN (Line Drive, 9LD), Distance : 342 ft
Batting: LHB Edwin Church 0-0: Foul Ball, location: 2F
0-1: Ball
1-1: Ground out U3 (Groundball, 34S)
Top of the 5th over - 2 runs, 2 hits, 0 errors, 0 left on base; Buckhead 3 - Northern Virginia 0
BOTTOM OF THE 5TH
Northern Virginia Rainbow Mermaids batting - Pitching for Buckhead Bowties : LHP Dale Hamilton
Batting: RHB Brian Moring 0-0: Foul Ball, location: 2F
0-1: Ground out 4-3 (Groundball, 4M)
Batting: RHB Ray Walker 0-0: Ball
1-0: Ball
2-0: Ground out 1-3 (Groundball, 13)
Batting: LHB Rio Mence 0-0: Ball
1-0: Fly out, F7 (Flyball, 7S)
Bottom of the 5th over - 0 runs, 0 hits, 0 errors, 0 left on base; Buckhead 3 - Northern Virginia 0
TOP OF THE 6TH
Buckhead Bowties batting - Pitching for Northern Virginia Rainbow Mermaids : RHP Guldemunde Geilinger
Pitching: RHP Mat Tengku
Batting: RHB Derek Bangert 0-0: Called Strike
0-1: Ground out U3 (Groundball, 34S)
Batting: RHB David Edwards 0-0: Foul Ball, location: 2F
0-1: SINGLE (Groundball, 6MD)
Batting: RHB Richard Jost Pickoff Throw to First - Error! E1
David Edwards to second
0-0: Intentional Walk
Batting: LHB Shunso Kiyomizu 0-0: Fly out, F9 (Line Drive, 9)
Batting: RHB Kevin Baxter 0-0: Swinging Strike
0-1: Ball
1-1: Ball
2-1: Fly out, F8 (Flyball, 8LD)
Top of the 6th over - 0 runs, 1 hit, 1 error, 2 left on base; Buckhead 3 - Northern Virginia 0
BOTTOM OF THE 6TH
Northern Virginia Rainbow Mermaids batting - Pitching for Buckhead Bowties : LHP Dale Hamilton
Batting: LHB Gerald Kaufman 0-0: Swinging Strike
0-1: Ball
1-1: Ball
2-1: Swinging Strike
2-2: Foul Ball, location: 2F
2-2: Ball
3-2: Base on Balls
Batting: RHB Colt Cabana 0-0: Ball
1-0: Called Strike
1-1: Ball
2-1: Sac Bunt - play at first, batter safe!
Gerald Kaufman to second
Batting: RHB Carlos Rúbio 0-0: Ball
1-0: Foul Ball, location: 2F
1-1: Ball
2-1: Ball
3-1: Foul Ball, location: 2F
3-2: Ground out 6-3 (Groundball, 6)
Gerald Kaufman to third
Colt Cabana to second
Batting: SHB Eustacio Tafalla 0-0: Ball
1-0: Ball
2-0: Foul Ball, location: 2F
2-1: Ball
3-1: Called Strike
3-2: Foul Ball, location: 2F
3-2: Foul Ball, location: 2F
3-2: Foul Ball, location: 2F
3-2: Ground out U3 (Groundball, 34)
Gerald Kaufman scores
Colt Cabana to third
Batting: RHB Zahid Kashani 0-0: Called Strike
0-1: Ground out 6-3 (Groundball, 6)
Bottom of the 6th over - 1 run, 1 hit, 0 errors, 1 left on base; Buckhead 3 - Northern Virginia 1
TOP OF THE 7TH
Buckhead Bowties batting - Pitching for Northern Virginia Rainbow Mermaids : RHP Mat Tengku
Batting: RHB Raúl Ruíz 0-0: Called Strike
0-1: Called Strike
0-2: Ball
1-2: Strikes out swinging
Batting: LHB José Valéncia 0-0: Swinging Strike
0-1: Ground out 4-3 (Groundball, 4)
Batting: LHB Yu-zeng Si 0-0: Called Strike
0-1: Ground out U3 (Groundball, 3L)
Top of the 7th over - 0 runs, 0 hits, 0 errors, 0 left on base; Buckhead 3 - Northern Virginia 1
BOTTOM OF THE 7TH
Northern Virginia Rainbow Mermaids batting - Pitching for Buckhead Bowties : LHP Dale Hamilton
Batting: RHB Rand McNally 0-0: Called Strike
0-1: Foul Ball, location: 2F
0-2: Ball
1-2: Ball
2-2: Ball
3-2: Foul Ball, location: 2F
3-2: Ground out U3 (Groundball, 3S)
Batting: RHB Brian Moring 0-0: SOLO HOME RUN (Line Drive, 9D), Distance : 389 ft
Pitching: LHP Yajirobei Otomo
Batting: RHB Ray Walker 0-0: Ball
1-0: Ball
2-0: Ball
3-0: Base on Balls
Batting: LHB Rio Mence 0-0: Ball
1-0: Foul Ball, location: 2F
1-1: Ball
2-1: Swinging Strike
2-2: Fly out, F3 (Popup, 34S)
Pinch Hitting: LHB Bart Walton 0-0: Ball
1-0: Ball
2-0: Called Strike
2-1: SINGLE (Line Drive, 4MD)
Ray Walker to second
Batting: RHB Colt Cabana 0-0: Called Strike
0-1: Ball
1-1: Foul Ball, location: 2F
1-2: Ground out 3-1 (Groundball, 3D)
Bottom of the 7th over - 1 run, 2 hits, 0 errors, 2 left on base; Buckhead 3 - Northern Virginia 2
TOP OF THE 8TH
Buckhead Bowties batting - Pitching for Northern Virginia Rainbow Mermaids : RHP Mat Tengku
Now in LF: Bart Walton
Batting: LHB Edwin Church 0-0: Ball
1-0: Ball
2-0: Ball
3-0: Called Strike
3-1: Foul Ball, location: 2F
3-2: Base on Balls
Batting: RHB Derek Bangert 0-0: Called Strike
0-1: Ball
1-1: Swinging Strike
1-2: Strikes out swinging
Batting: RHB David Edwards 0-0: Ball
1-0: Swinging Strike
1-1: Called Strike
1-2: Ball
2-2: Foul Ball, location: 2F
2-2: SINGLE (Groundball, 4MD)
Edwin Church to second
Runner from 2nd tries for 3rd, SAFE, throw made to third
Batting: RHB Richard Jost 0-0: Ball
1-0: Foul Ball, location: 2F
1-1: Called Strike
1-2: Ball
2-2: Ball
3-2: Foul Ball, location: 2F
3-2: Foul Ball, location: 2F
3-2: Fly out, F6 (Popup, 4MS)
Batting: LHB Shunso Kiyomizu 0-0: Ball
1-0: Foul Ball, location: 2F
1-1: Ball
2-1: Foul Ball, location: 2F
2-2: Ball
3-2: Base on Balls
David Edwards to second
Batting: RHB Kevin Baxter 0-0: Called Strike
0-1: Ball
1-1: Foul Ball, location: 2F
1-2: Ball
2-2: Ball
3-2: Strikes out swinging
Top of the 8th over - 0 runs, 1 hit, 0 errors, 3 left on base; Buckhead 3 - Northern Virginia 2
BOTTOM OF THE 8TH
Northern Virginia Rainbow Mermaids batting - Pitching for Buckhead Bowties : LHP Yajirobei Otomo
Batting: RHB Carlos Rúbio 0-0: Ball
1-0: Called Strike
1-1: Ball
2-1: Foul Ball, location: 2F
2-2: Strikes out swinging
Batting: SHB Eustacio Tafalla 0-0: Ball
1-0: Foul Ball, location: 2F
1-1: Called Strike
1-2: Foul Ball, location: 2F
1-2: Ball
2-2: Ball
3-2: Base on Balls
Pitching: RHP Nand Lal Chaudhary
Batting: RHB Zahid Kashani 0-0: Ball
1-0: Foul Ball, location: 2F
1-1: Foul Ball, location: 2F
1-2: Fielders Choice at 2nd, 6-4 (Groundball, 6)
Batting: RHB Rand McNally 0-0: Ball
1-0: Ball
2-0: TRIPLE (Line Drive, 8LXD)
Zahid Kashani scores
Batting: RHB Brian Moring 0-0: Called Strike
0-1: Foul Ball, location: 2F
0-2: Ball
1-2: Strikes out swinging
Bottom of the 8th over - 1 run, 1 hit, 0 errors, 1 left on base; Buckhead 3 - Northern Virginia 3
TOP OF THE 9TH
Buckhead Bowties batting - Pitching for Northern Virginia Rainbow Mermaids : RHP Mat Tengku
Batting: RHB Raúl Ruíz 0-0: Ball
1-0: SINGLE (Line Drive, 6M)
Pitching: RHP Jack Salt
Batting: LHB José Valéncia 0-0: Bunt - Flyout! F1
Batting: LHB Yu-zeng Si 0-0: Reached on error, E4 (Groundball, 4)
Raúl Ruíz to second
Batting: LHB Edwin Church 0-0: Foul Ball, location: 2F
0-1: Ball
1-1: Foul Ball, location: 2F
1-2: Ball
2-2: Foul Ball, location: 2F
2-2: Strikes out swinging
Batting: RHB Derek Bangert 0-0: Called Strike
0-1: Ball
1-1: Called Strike
1-2: Foul Ball, location: 2F
1-2: Foul Ball, location: 2F
1-2: Ball
2-2: Ball
3-2: Foul Ball, location: 2F
3-2: Base on Balls
Raúl Ruíz to third
Yu-zeng Si to second
Batting: RHB David Edwards 0-0: Called Strike
0-1: Fielders Choice at 2nd, 6-4 (Groundball, 6)
Top of the 9th over - 0 runs, 1 hit, 1 error, 3 left on base; Buckhead 3 - Northern Virginia 3
BOTTOM OF THE 9TH
Northern Virginia Rainbow Mermaids batting - Pitching for Buckhead Bowties : RHP Nand Lal Chaudhary
Batting: RHB Ray Walker 0-0: Called Strike
0-1: Ball
1-1: SINGLE (Groundball, 13) (infield hit)
Batting: LHB Rio Mence 0-0: Called Strike
0-1: Swinging Strike
0-2: Ball
1-2: Strikes out swinging
Ray Walker is caught stealing 2nd base
Batter strikes out.
Batting: LHB Bart Walton 0-0: Ball
1-0: Called Strike
1-1: Swinging Strike
1-2: Ball
2-2: Foul Ball, location: 2F
2-2: Strikes out swinging
Bottom of the 9th over - 0 runs, 1 hit, 0 errors, 0 left on base; Buckhead 3 - Northern Virginia 3
TOP OF THE 10TH
Buckhead Bowties batting - Pitching for Northern Virginia Rainbow Mermaids : RHP Jack Salt
Batting: RHB Richard Jost 0-0: Swinging Strike
0-1: Called Strike
0-2: Ball
1-2: Ball
2-2: Fly out, F9 (Flyball, 9D)
Batting: LHB Shunso Kiyomizu 0-0: Called Strike
0-1: Ball
1-1: Swinging Strike
1-2: Ball
2-2: Foul Ball, location: 2F
2-2: Foul Ball, location: 2F
2-2: Ball
3-2: Base on Balls
Batting: RHB Kevin Baxter 0-0: Called Strike
0-1: Ball
Wild Pitch!
Shunso Kiyomizu to second
1-1: Called Strike
1-2: Ball
2-2: Ball
3-2: Strikes out swinging
Batting: RHB Raúl Ruíz 0-0: Foul Ball, location: 2F
0-1: Fly out, F9 (Flyball, 9D)
Top of the 10th over - 0 runs, 0 hits, 0 errors, 1 left on base; Buckhead 3 - Northern Virginia 3
BOTTOM OF THE 10TH
Northern Virginia Rainbow Mermaids batting - Pitching for Buckhead Bowties : RHP Nand Lal Chaudhary
Batting: RHB Colt Cabana 0-0: Fly out, F8 (Flyball, 8RD)
Batting: RHB Carlos Rúbio 0-0: Ball
1-0: Foul Ball, location: 2F
1-1: Foul Ball, location: 2F
1-2: Ground out 1-3 (Groundball, P)
Batting: SHB Eustacio Tafalla 0-0: Ground out 4-3 (Groundball, 4)
Bottom of the 10th over - 0 runs, 0 hits, 0 errors, 0 left on base; Buckhead 3 - Northern Virginia 3
TOP OF THE 11TH
Buckhead Bowties batting - Pitching for Northern Virginia Rainbow Mermaids : RHP Jack Salt
Pitching: RHP Juan Valdéz
Batting: LHB José Valéncia 0-0: Fly out, F8 (Line Drive, 8RM)
Batting: LHB Yu-zeng Si 0-0: Ball
1-0: Foul Ball, location: 2F
1-1: Ball
2-1: Foul Ball, location: 2F
2-2: Ball
3-2: Fly out, F7 (Flyball, 7S)
Batting: LHB Edwin Church 0-0: Called Strike
0-1: Foul Ball, location: 2F
0-2: Ball
1-2: Fly out, F8 (Flyball, 8RXD)
Top of the 11th over - 0 runs, 0 hits, 0 errors, 0 left on base; Buckhead 3 - Northern Virginia 3
BOTTOM OF THE 11TH
Northern Virginia Rainbow Mermaids batting - Pitching for Buckhead Bowties : RHP Nand Lal Chaudhary
Batting: RHB Zahid Kashani 0-0: Called Strike
0-1: Ball
1-1: Foul Ball, location: 2F
1-2: SINGLE (Groundball, 6D)
Batting: RHB Rand McNally 0-0: Ball
1-0: DOUBLE (Line Drive, 7LD)
Zahid Kashani to third
Batting: RHB Brian Moring 0-0: Called Strike
0-1: Ball
1-1: Foul Ball, location: 2F
1-2: Strikes out looking
Batting: RHB Ray Walker 0-0: Intentional Walk
Batting: LHB Rio Mence 0-0: Called Strike
0-1: Foul Ball, location: 2F
0-2: Fly out, F4 (Line Drive, 4)
Batting: LHB Bart Walton 0-0: Ball
1-0: Called Strike
1-1: Ball
2-1: Reached on error, E5 (Groundball, 56)
Zahid Kashani scores
Friday, March 29th, 2019 - OOTP Baseball 18.8 Build 76